 Dungeon Crawl Stone Soup version 0.29-a0-872-g797fff5ad1 (webtiles) character file.

Game seed: 16498131439479355946

116 Ajdolov the Chopper (level 5, -1/46 HPs)
             Began as a Hill Orc Gladiator on July 18, 2022.
             Slain by a gnoll bouda
             ... wielding a +0 whip
              (4 damage)
             ... on level 3 of the Dungeon.
             The game lasted 00:02:55 (2025 turns).

Ajdolov the Chopper (Hill Orc Gladiator)            Turns: 2025, Time: 00:02:56

Health: -1/46      AC:  8    Str: 19    XL:     5   Next: 1%
Magic:  5/5        EV: 10    Int:  8    God:
Gold:   146        SH:  0    Dex: 12    Spells: 4/4 levels left

rFire   . . .      SeeInvis .   a - +0 war axe
rCold   . . .      Faith    .   (no shield)
rNeg    . . .      Spirit   .   f - +0 scale mail
rPois   .          Reflect  .   c - +0 helmet
rElec   .          Harm     .   k - +0 cloak
rCorr   .          Rampage  .   (no gloves)
Will    .....                   (no boots)
Stlth   ..........              (no amulet)
HPRegen 0.15/turn               (no ring)
MPRegen 0.09/turn               (no ring)

@: weakened
A: no striking features
a: no special abilities


You were on level 3 of the Dungeon.
You visited 1 branch of the dungeon, and saw 4 of its levels.

You collected 223 gold pieces.
You spent 77 gold pieces at shops.

Inventory:

Hand Weapons
 a - a +0 war axe (weapon)
Missiles
 d - 3 throwing nets (quivered)
 e - 3 javelins
Armour
 c - a +0 helmet (worn)
 f - a +0 scale mail (worn)
 k - a +0 cloak (worn)
Jewellery
 v - an amulet of faith
Scrolls
 b - a scroll of poison {unknown}
 g - a scroll of silence
 i - a scroll of amnesia
 o - a scroll of fear {unknown}
 p - a scroll of vulnerability {unknown}
 q - a scroll of teleportation
 s - 4 scrolls of identify
 x - a scroll of fog {unknown}
 y - a scroll of noise {unknown}
 z - a scroll of enchant armour {unknown}
 B - a scroll of blinking {unknown}
Potions
 h - a potion of invisibility {unknown}
 j - 2 potions of degeneration {unknown}
 l - a potion of lignification {unknown}
 m - a potion of haste {unknown}
 n - 2 potions of curing {unknown}
 r - 2 potions of might {unknown}
 t - a potion of resistance {unknown}
 u - a potion of ambrosia {unknown}
 w - a potion of flight {unknown}
 A - a potion of brilliance {unknown}


   Skills:
 + Level 3.9 Fighting
 * Level 6.4 Axes
 - Level 1.7 Throwing
 - Level 2.4 Dodging


You had 4 spell levels left.
You didn't know any spells.
Your spell library contained the following spells:

 Spells                   Type           Power      Damage    Failure   Level
 Call Canine Familiar     Summ           0%         N/A       99%         3
 Portal Projectile        Hex/Tloc       0%         N/A       99%         3
 Leda's Liquefaction      Hex/Erth       0%         N/A       100%        4


Dungeon Overview and Level Annotations

Branches:
Dungeon (4/15)
 Temple: D:4-7

Altars:
Gozag

Shops:
D:2 ?


Message History

The gnoll bouda barely misses you. The gnoll hits you with a +0 whip.
The endoplasm freezes you.
You are frozen.
* * * LOW HITPOINT WARNING * * *
You have reached level 5!
You feel stronger.
You hit the endoplasm but do no damage.
The endoplasm is severely wounded.
You closely miss the gnoll bouda. You slash the gnoll!
The gnoll bouda barely misses you. The gnoll closely misses you.
The endoplasm closely misses you.
Unknown command.
You hit the gnoll.
The gnoll is almost dead.
You hit the gnoll bouda. You hit the endoplasm but do no damage.
The gnoll bouda gazes fiercely through you!
You feel as though you will be weak longer.
The gnoll bouda barely misses you. The gnoll barely misses you.
The endoplasm hits you but does no damage.
You closely miss the gnoll.
The gnoll is almost dead.
You barely miss the endoplasm.
You hit the gnoll bouda but do no damage.
The gnoll bouda hits you with a +0 whip!
* * * LOW HITPOINT WARNING * * *
The gnoll barely misses you. The endoplasm closely misses you.
You barely miss the gnoll.
The gnoll is almost dead.
You closely miss the gnoll bouda. You hit the endoplasm but do no damage.
The gnoll bouda misses you. The gnoll hits you but does no damage.
The endoplasm hits you but does no damage.
Unknown command.
Okay, then.
You closely miss the gnoll.
The gnoll is almost dead.
You barely miss the gnoll bouda. You completely miss the endoplasm.
The gnoll bouda gazes fiercely through you!
You feel as though you will be weak longer.
The gnoll bouda hits you with a +0 whip.
You die...

######.#.#.##.##.#......# #.)..#
.................(......# ##.####
.......######.<#.#......###......
.......# #...............##+##
.......# #..#.#......###.#≈≈≈#
.......# #....#......# #.'≈≈≈+
..###### #....#[.....# #.#≈≈≈#
..# #..gJ#......###.##+## ..#
#...@#####........... ..# #..#g#
#..........† ..# #..#.#
#.........#† ### #######..#.#
###########. #........#.# #.
#####.######.#.# #.
#.........##.#.# ##
#....†....##.#.# #.........##.#.#


You could see a gnoll bouda, a gnoll (swift) and an endoplasm.

Vanquished Creatures
  A jelly (D:3)
  An adder (D:2)
  A shadow imp (D:3)
  A worm (D:3)
  3 dart slugs
  2 bats (D:1)
  3 endoplasms
  4 giant cockroaches
  11 goblins
  6 hobgoblins
  5 jackals
  2 kobolds
  A quokka (D:1)
  5 ball pythons
  5 frilled lizards (D:1)
  5 rats
56 creatures vanquished.

Notes
Turn   | Place    | Note
-------+----------+-------------------------------------------
     0 | D:1      | Ajdolov the Hill Orc Gladiator began the quest for the Orb.
     0 | D:1      | Reached XP level 1. HP: 18/18 MP: 1/1
    83 | D:1      | Reached XP level 2. HP: 25/25 MP: 2/2
   134 | D:1      | Found a faded altar of an unknown god.
   455 | D:1      | Reached skill level 5 in Axes
   457 | D:1      | Reached XP level 3. HP: 30/31 MP: 3/3
  1047 | D:2      | Found Uchuth's Magic Scroll Shop.
  1053 | D:2      | Bought a scroll of identify for 22 gold pieces
  1053 | D:2      | Bought a scroll of teleportation for 33 gold pieces
  1053 | D:2      | Bought a scroll of identify for 22 gold pieces
  1076 | D:2      | Reached XP level 4. HP: 38/38 MP: 4/4
  1513 | D:3      | Reached skill level 6 in Axes
  1654 | D:3      | Identified the +1 leather armour of Noughts and Crosses
                  | {rF+}
  1800 | D:3      | Found an opulent altar of Gozag.
  2015 | D:4      | Noticed a black bear
  2021 | D:3      | Reached XP level 5. HP: 13/46 MP: 5/5
  2025 | D:3      | Slain by a gnoll bouda

Illustrated notes

Levels and vault maps discovered:
D:1:      dpeg_arrival_court, layout_rooms,
          hellmonk_ecumenical_altar_heavens_door
D:2:      layout_loops_ring, serial_shops, shop
D:3:      layout_basic, nicolae_gozag_seed_capital, interstate_on_off,
          minmay_liquid_box
D:4:      layout_rooms, yredelemnul_forgotten_temple_becter,
          gammafunk_ghost_mausoleum

Skill      XL: |  1  2  3  4 |
---------------+-------------+-----
Fighting       | 3 |  3.9
Axes           | 5 6 |  6.4
Throwing       | |  1.7
Dodging        | |  2.4

Action                   |  1- 3 |  4- 6 || total
-------------------------+-------+-------++-------
Melee: War axe           |    69 |    31 ||   100
       Punch             |     1 |     1 ||     2
  Use: Scroll            |     2 |       ||     2
Armor: Leather armour    |     2 |       ||     2
       Scale mail        |    26 |    15 ||    41
Dodge: Dodged            |    27 |    28 ||    55

Table legend: (Time is in decaauts)
 A = Elapsed time spent in this place.
 B = Non-inter-level travel time spent in this place.
 C = Inter-level travel time spent in this place.
 D = Time resting spent in this place.
 E = Time spent auto-exploring this place.
 F = Levels seen in this place.
 G = Mean time per level.
                   A        B        C        D        E       F      G
               +--------+--------+--------+--------+--------+-----+--------+
         Total |   2048 |   2000 |     48 |      0 |   1648 |   4 |  512.0 |
       Dungeon |   2048 |   2000 |     48 |      0 |   1648 |   4 |  512.0 |
               +--------+--------+--------+--------+--------+-----+--------+

Top non-repeatable levels by time:
     D:2: 736 daAuts
     D:1: 711 daAuts
     D:3: 590 daAuts
     D:4: 9 daAuts
